 Dungeon Crawl Stone Soup version 0.23.0 (webtiles) character file.

Game seed: 1777784340141404640

18202 Monsterracer the Grappler (level 12, -2/126 HPs)
             Began as a Troll Air Elementalist on Feb 18, 2019.
             Was an Elder of the Shining One.
             Slain by an eight-headed hydra (3 damage)
             ... on level 5 of the Lair of Beasts.
             The game lasted 00:12:49 (10108 turns).

Monsterracer the Grappler (Troll Air Elementalist) Turns: 10108, Time: 00:12:50

Health: -2/126     AC: 21    Str: 23    XL:     12   Next: 25%
Magic:  13/16      EV:  2    Int: 11    God:    the Shining One [****..]
Gold:   498        SH:  0    Dex: 10    Spells: 13/13 levels left

rFire    + . .     SeeInvis .     - Unarmed
rCold    + . .     Gourm    +   (no shield)
rNeg     + + .     Faith    +   n - +2 gold dragon scales
rPois    +         Spirit   .   (helmet restricted)
rElec    .         Reflect  .   a - scarf {cloud immunity}
rCorr    .         Harm     .   (gloves unavailable)
MR       .....                  (boots unavailable)
Stlth    ..........             v - amulet of faith
HPRegen  0.71/turn              x - ring of flight
MPRegen  0.15/turn              (no ring)

@: glowing, studying Fighting
A: large, unfitting armour, claws 3, fast metabolism 3, gourmand, regeneration
1, shaggy fur 1, tough skin 3
a: Divine Shield, Cleansing Flame, Renounce Religion, Evoke Flight


You were on level 5 of the Lair of Beasts.
You worshipped the Shining One.
The Shining One was greatly pleased with you.
You were not hungry.

You visited 3 branches of the dungeon, and saw 15 of its levels.
You also visited: Sewer and Volcano.

You collected 610 gold pieces.
You spent 112 gold pieces at shops.

Inventory:

Armour
 a - a scarf of cloud immunity (worn)
 n - +2 gold dragon scales (worn)
 p - a +0 cloak
Jewellery
 v - an amulet of faith (around neck)
 x - a ring of flight (left claw)
Wands
 y - a wand of polymorph (4)
Scrolls
 b - 5 scrolls of fear {!r}
 f - a scroll of identify
 m - 2 scrolls of magic mapping
 o - 2 scrolls of amnesia
 r - 4 scrolls of remove curse
 t - 6 scrolls of teleportation {!r}
 X - a scroll of blinking
Potions
 d - 6 potions of heal wounds
 e - 5 potions of curing
 g - 3 potions of agility
 h - 2 potions of haste
 i - a potion of ambrosia {!q}
 j - 2 potions of might
 k - 4 potions of flight
 q - 2 potions of berserk rage {!q}
 s - a potion of resistance
 u - a potion of mutation {!q}
 w - a potion of magic
 z - 6 potions of brilliance
Books
 l - a manual of Fighting
Comestibles
 c - 16 rations


   Skills:
 * Level 9.9 Fighting
 + Level 6.9 Armour
 - Level 1.5 Dodging
 - Level 1.0 Stealth
 * Level 12.8 Unarmed Combat
 - Level 1.2 Spellcasting
   Level 0.6 Conjurations
   Level 2.0 Air Magic
 + Level 7.6 Invocations


You had 13 spell levels left.
You didn't know any spells.
Your spell library contained the following spells:

 Spells                   Type           Power        Failure   Level  Hunger
 Shock                    Conj/Air       #...         100%        1    ##.....
 Swiftness                Chrm/Air       #.......     100%        2    ###....
 Static Discharge         Conj/Air       #.......     100%        3    ####...
 Airstrike                Air            #.........   100%        4    #####..
 Lightning Bolt           Conj/Air       #.........   100%        5    ######.


Dungeon Overview and Level Annotations

Branches:
Dungeon (8/15)             Temple (0/1) D:7            Lair (6/6) D:8
 Shoals (1/4) Lair:3
  Snake: Lair:2-4    Spider: Lair:2-4     Slime: Lair:5-6

Altars:
Elyvilon
Fedhas
Gozag
Hepliaklqana
Kikubaaqudgha
Makhleb
Nemelex Xobeh
Okawaru
Ru
Vehumet
Xom
Yredelemnul
Zin
The Shining One

Shops:
D:4 ?   D:5 =

Annotations:
Lair:4 Snorg


Innate Abilities, Weirdness & Mutations

You are too large for most types of armour.
You have claws for hands.
Your metabolism is lightning-fast.
You like to eat raw meat.
Your natural rate of healing is unusually fast.
You are covered in fur. (AC +1)
You have extremely tough skin. (AC +3)


Message History

Found a stone staircase leading down.
There is a stone staircase leading up here.
You regained 2 hp, and now have 41/126 hp.
Unknown command.
Unknown command.
You scratch the spriggan but do no damage.
The wolf bites you.
* * * LOW HITPOINT WARNING * * *
You take 3 damage, and have 38/126 hp.
Your gold dragon scales prevents you from hitting the spriggan.
The spriggan hits you but does no damage.
The wolf bites you but does no damage.
You claw the spriggan!
The spriggan is heavily wounded.
The wolf bites you.
* * * LOW HITPOINT WARNING * * *
The spriggan hits you but does no damage.
You take 4 damage, and have 35/126 hp.
Unknown command.
Okay, then.
The golden flame engulfs you but does no damage.
You resist.
The golden flame engulfs the wolf!!
The wolf is severely wounded.
The golden flame engulfs the blink frog!!
The blink frog is severely wounded.
The golden flame engulfs the spriggan!
You kill the spriggan!
You feel somewhat more hungry.
You hear a loud, deep croak! x2; You hear a roar!
You hear a loud, deep croak!
You hear an angry hiss.
The wolf bites you but does no damage. The wolf bites you.
* * * LOW HITPOINT WARNING * * *
The blink frog hits you but does no damage.
A blink frog comes into view.
You take 3 damage, and have 32/126 hp.
You now have 11/16 mp.
Unknown command.
You scratch the blink frog.
The blink frog is severely wounded.
The wolf bites you but does no damage. The blink frog hits you.
* * * LOW HITPOINT WARNING * * *
You take 4 damage, and have 28/126 hp.
Your gold dragon scales prevents you from hitting the wolf.
The wolf is severely wounded.
The wolf bites you but does no damage. The blink frog hits you!
* * * LOW HITPOINT WARNING * * *
A blink frog comes into view.
The wolf bites you but does no damage.
You take 7 damage, and have 21/126 hp.
Unknown command.
You mangle the wolf!!
You kill the wolf!
The blink frog hits you.
* * * LOW HITPOINT WARNING * * *
The blink frog blinks!
You take 4 damage, and have 17/126 hp.
Unknown command.
You scratch the blink frog.
The blink frog is almost dead.
The blink frog hits you but does no damage.
An eight-headed hydra comes into view.
The blink frog blinks! x2
Things that are here:
a +0 dagger; a +0 robe; a spriggan corpse
Found a stone staircase leading up.
The blink frog blinks! x2
A porcupine comes into view.
There is a stone staircase leading down here.
The blink frog blinks!
You climb downwards.
A hippogriff and a blink frog come into view.
The blink frog gives a loud, deep croak!
The hippogriff screeches!
Found an ivory wand, a knobbly granite ring and a leather armour.
There is a stone staircase leading up here.
You regained 2 hp, and now have 24/126 hp.
A blink frog comes into view.
The blink frog gives a loud, deep croak!
You hear an angry hiss.
The blink frog blinks! x2
A blink frog comes into view.
A black mamba comes into view.
The black mamba hisses angrily.
The blink frog croaks.
A blink frog comes into view.
The blink frog blinks!
The blink frog hits you but does no damage.
The blink frog moves out of view.
The blink frog hits you!
* * * LOW HITPOINT WARNING * * *
You climb upwards.
The porcupine bites you.
* * * LOW HITPOINT WARNING * * *
The eight-headed hydra bites you but does no damage.
The eight-headed hydra bites you.
* * * LOW HITPOINT WARNING * * *
The eight-headed hydra barely misses you.
The eight-headed hydra bites you.
* * * LOW HITPOINT WARNING * * *
The eight-headed hydra bites you but does no damage.
The eight-headed hydra bites you.
* * * LOW HITPOINT WARNING * * *
The eight-headed hydra bites you.
You die...

...........#.⌠.
.......†........
........<...#
........[...#
....#.....#F...
........%#...##
PP.#.#.F.#...#
....#rFF.F...#
....##@:#...#..
...#..D##..##..
## ##P.# ....
##.# <.... ..#
.#.P. ..# ...
.... ....


You could see an eight-headed hydra, 4 blink frogs and a porcupine.

Vanquished Creatures
  A red draconian (Volcano)
  A catoblepas (Lair:3)
  A centaur warrior (Volcano)
  6 elephants (Lair:3)
  A black mamba (Lair:2)
  2 molten gargoyles (Volcano)
  A merfolk siren (Shoals:1)
  3 spiny frogs
  A rime drake (Lair:2)
  A yaktaur (Volcano)
  2 komodo dragons
  3 hippogriffs
  A snapping turtle (Lair:3)
  27 yaks
  A spriggan (Lair:5)
  A wyvern (D:8)
  A human (D:7)
  A fire bat (Volcano)
  A water moccasin (Lair:3)
  6 porcupines
  2 orc warriors
  A black bear (D:7)
  2 sky beasts
  A phantom (D:6)
  4 ogres
  15 wolves
  4 centaurs
  4 crocodiles
  9 bullfrogs
  A wyvern zombie (D:6)
  A wyvern skeleton (D:7)
  2 scorpions (D:8)
  6 killer bees (D:7)
  5 wights (D:8)
  3 howler monkeys
  2 electric eels (Lair:3)
  3 lava snakes (Volcano)
  2 crimson imps
  3 hounds
  An orc priest (D:8)
  A jelly (D:7)
  2 centaur skeletons
  Jessica (D:2)
  3 iguanas
  5 orc wizards
  A worker ant (D:5)
  A hound zombie (D:7)
  2 hound skeletons
  A worker ant zombie (D:8)
  6 gnolls
  8 adders
  5 river rats
  A shadow imp (D:6)
  2 adder skeletons
  7 worms
  A dart slug (D:2)
  8 leopard geckos
  20 orcs
  6 giant cockroaches
  5 hobgoblins
  6 jackals (D:4)
  3 quokkas
  5 ball pythons
  17 bats
  19 frilled lizards
  7 goblins
  A jackal zombie (D:7)
  4 kobolds
  A quokka skeleton (D:6)
  19 rats
301 creatures vanquished.

Vanquished Creatures (others)
  4 fungi
  7 plants
11 creatures vanquished.

Grand Total: 312 creatures vanquished

Notes
Turn   | Place    | Note
-------+----------+-------------------------------------------
     0 | D:1      | Monsterracer the Troll Air Elementalist began the quest for
                  | the Orb.
     0 | D:1      | Reached XP level 1. HP: 16/16 MP: 1/1
    79 | D:1      | Reached skill level 1 in Unarmed Combat
    89 | D:1      | Reached XP level 2. HP: 26/26 MP: 2/2
   302 | D:1      | Reached skill level 2 in Unarmed Combat
   341 | D:1      | Reached skill level 1 in Fighting
   453 | D:1      | Reached XP level 3. HP: 33/33 MP: 3/3
   511 | D:2      | Noticed Jessica
   517 | D:2      | HP: 15/33 [leopard gecko (3)]
   561 | D:2      | Killed Jessica
   676 | D:2      | Reached skill level 3 in Unarmed Combat
   676 | D:2      | Reached XP level 4. HP: 36/41 MP: 4/4
   682 | D:2      | HP: 16/41 [gnoll (7)]
  1076 | D:2      | Reached XP level 5. HP: 36/49 MP: 5/5
  1112 | D:2      | Found a faded altar of an unknown god.
  1276 | D:2      | Became a worshipper of the Shining One
  1276 | D:2      | Reached * piety under the Shining One
  1482 | D:3      | Found a radiant altar of Vehumet.
  1482 | D:3      | Found a glowing silver altar of Zin.
  1487 | D:3      | Found a burning altar of Makhleb.
  1489 | D:3      | Found a blossoming altar of Fedhas.
  1491 | D:3      | Found a hazy altar of Hepliaklqana.
  1535 | D:3      | Reached skill level 4 in Unarmed Combat
  1803 | D:3      | Found an opulent altar of Gozag.
  1804 | D:3      | Found a sparkling altar of Nemelex Xobeh.
  1901 | D:4      | Found Atonn's Magic Scroll Boutique.
  1928 | D:4      | Bought a scroll of identify for 28 gold pieces
  1928 | D:4      | Bought a scroll of identify for 28 gold pieces
  1928 | D:4      | Bought a scroll of identify for 28 gold pieces
  1928 | D:4      | Bought a scroll of identify for 28 gold pieces
  2006 | D:4      | Noticed an ogre
  2013 | D:4      | Killed an ogre
  2013 | D:4      | Reached XP level 6. HP: 39/59 MP: 6/6
  2022 | D:4      | Reached skill level 5 in Unarmed Combat
  2024 | D:4      | HP: 25/59 [iguana (14)]
  2207 | D:4      | Found a white marble altar of Elyvilon.
  2242 | D:4      | Found a glowing drain.
  2268 | Sewer    | Entered a sewer
  2326 | Sewer    | Reached ** piety under the Shining One
  2335 | Sewer    | HP: 28/61 [river rat (10)]
  3133 | D:5      | Entered Level 5 of the Dungeon
  3165 | D:5      | Found Hedais's Jewellery Emporium.
  3171 | D:5      | Reached XP level 7. HP: 65/67 MP: 7/7
  3204 | D:5      | Reached skill level 6 in Unarmed Combat
  3434 | D:5      | Reached skill level 1 in Invocations
  3618 | D:6      | Reached skill level 1 in Armour
  4031 | D:6      | Found an ancient bone altar of Kikubaaqudgha.
  4047 | D:6      | Found an iron altar of Okawaru.
  4098 | D:6      | Reached XP level 8. HP: 58/78 MP: 8/8
  4188 | D:6      | Reached skill level 7 in Unarmed Combat
  4492 | D:7      | Reached skill level 8 in Unarmed Combat
  4522 | D:7      | Found a staircase to the Ecumenical Temple.
  4661 | D:7      | Found a runed translucent door.
  4666 | D:7      | Found a basalt altar of Yredelemnul.
  4684 | D:7      | Reached XP level 9. HP: 74/85 MP: 10/10
  4707 | D:7      | Was placed under penance by the Shining One
  4797 | D:7      | Was forgiven by the Shining One
  5551 | D:8      | Reached skill level 5 in Fighting
  5713 | D:8      | Reached *** piety under the Shining One
  5713 | D:8      | Reached skill level 9 in Unarmed Combat
  5860 | D:8      | Found a staircase to the Lair.
  6047 | D:8      | Found a blossoming altar of Fedhas.
  6300 | Lair:1   | Entered Level 1 of the Lair of Beasts
  6337 | Lair:1   | HP: 40/88 [yak (10)]
  6341 | Lair:1   | Reached XP level 10. HP: 45/97 MP: 12/12
  6360 | Lair:1   | HP: 39/98 [yak (10)]
  6362 | Lair:1   | Reached skill level 5 in Invocations
  6365 | Lair:1   | Reached skill level 10 in Unarmed Combat
  6428 | Lair:1   | Noticed a spiny frog
  6457 | Lair:1   | Killed a spiny frog
  6460 | Lair:1   | HP: 43/98 [komodo dragon (22)]
  6531 | Lair:1   | HP: 47/98 [wolf (4)]
  6599 | Lair:1   | Reached skill level 5 in Armour
  6727 | Lair:1   | Found a dark tunnel.
  6732 | Volcano  | Entered a volcano
  7070 | Volcano  | Found a radiant altar of Vehumet.
  7070 | Volcano  | Noticed a centaur warrior
  7077 | Volcano  | HP: 50/100 [centaur warrior (7)]
  7080 | Volcano  | Killed a centaur warrior
  7080 | Volcano  | Reached skill level 11 in Unarmed Combat
  7195 | Volcano  | Noticed a molten gargoyle
  7204 | Volcano  | Killed a molten gargoyle
  7204 | Volcano  | Reached XP level 11. HP: 77/107 MP: 14/14
  7267 | Volcano  | Noticed a red draconian
  7279 | Volcano  | Killed a red draconian
  7567 | Lair:2   | Reached **** piety under the Shining One
  7628 | Lair:1   | Found a shimmering altar of Xom.
  7933 | Lair:2   | Got a translucent war axe
  8033 | Lair:2   | Found a sacrificial altar of Ru.
  8061 | Lair:2   | HP: 51/110 [komodo dragon (20)]
  8062 | Lair:2   | Reached skill level 12 in Unarmed Combat
  9210 | Lair:3   | Found a staircase to the Shoals.
  9271 | Lair:3   | Reached XP level 12. HP: 123/123 MP: 16/16
  9561 | Lair:3   | Noticed a catoblepas
  9576 | Lair:3   | Killed a catoblepas
  9616 | Shoals:1 | Entered Level 1 of the Shoals
  9630 | Shoals:1 | HP: 57/124 [faun/stone (11)]
  9635 | Shoals:1 | HP: 33/126 [faun/+0 quarterstaff (1)]
  9640 | Shoals:1 | Noticed a merfolk impaler
  9640 | Shoals:1 | HP: 14/126 [faun/sling bullet (6)]
  9975 | Lair:4   | Noticed Snorg
  9999 | Lair:4   | HP: 60/126 [Snorg (13)]
 10000 | Lair:4   | HP: 16/126 [Snorg (16)]
 10076 | Lair:4   | HP: 56/126 [wolf (4)]
 10083 | Lair:4   | HP: 45/126 [wolf (6)]
 10088 | Lair:5   | HP: 38/126 [wolf (3)]
 10093 | Lair:5   | HP: 21/126 [blink frog (8)]
 10095 | Lair:5   | Noticed an eight-headed hydra
 10103 | Lair:6   | Entered Level 6 of the Lair of Beasts
 10107 | Lair:6   | HP: 17/126 [blink frog (9)]
 10108 | Lair:5   | HP: 8/126 [eight-headed hydra (6)]
 10108 | Lair:5   | HP: 1/126 [eight-headed hydra (6)]
 10108 | Lair:5   | Slain by an eight-headed hydra

Skill      XL: |  1  2  3  4  5  6  7  8  9 10 11 |
---------------+----------------------------------+-----
Unarmed Combat | 1 2 3 4 5 6 8 9 11 12 | 12.8
Fighting       | 1 2 3 4 5 6 9 |  9.9
Invocations    | 2 3 4 6 7 |  7.6
Armour         | 1 3 4 5 6 |  6.9
Dodging        | |  1.5
Stealth        | |  1.0
Spellcasting   | |  1.2
Conjurations   | |  0.6
Air Magic      | |  2.0

Action                   |  1- 3 |  4- 6 |  7- 9 | 10-12 || total
-------------------------+-------+-------+-------+-------++-------
Melee: Unarmed           |    98 |   217 |   268 |   337 ||   920
       Punch             |     1 |     2 |     2 |    11 ||    16
Invok: Cleansing Flame   |       |       |       |     3 ||     3
  Use: Scroll            |       |    17 |     4 |     7 ||    28
 Stab: Sleeping          |     1 |       |       |       ||     1
       Distracted        |     1 |       |       |       ||     1
  Eat: Chunk             |    12 |    19 |    33 |    30 ||    94
Armor: Robe              |    43 |    79 |       |       ||   122
       Gold dragon scale |       |       |   235 |   375 ||   610
Dodge: Dodged            |    63 |   117 |     8 |    29 ||   217

Levels and vault maps discovered:
D:1:      minmay_arrival_diagonal_passages, layout_rooms
D:2:      layout_rooms, chequers_ecumenical_altar_grove,
          minmay_misc_feat_square, chequers_serial_rivers_small_3,
          kennysheep_big_empty_room, chequers_serial_rivers_micro_a,
          kennysheep_generic_room_2, uniq_jessica
D:3:      layout_basic, grunt_temple_overflow_opulence,
          chequers_temple_overflow_minitemple
D:4:      layout_cave_pools, marbit_many_paths, first_ration, serial_shops,
          nicolae_shop_waterfront, portal_sewer_entry_b,
          hangedman_abyss_or_decor_stagger
D:5:      layout_basic, serial_shops, nicolae_shop_statue_plus
D:6:      layout_rooms, lemuel_doored_altar, basic_altar
D:7:      layout_basic, minmay_temple_entry_glassed_door, dk_yredelemnul_ordeal
D:8:      layout_loops_ring, lair_entry_dummy, fedhas_altar_4
Lair:1:   lemuel_slime, layout_chaotic_city, basic_altar,
          nicolae_volcano_entry_s_turn
Lair:2:   beast_lair_carwin_large_2, layout_hall_layers, basic_altar
Lair:3:   pond_and_an_island_with_a_cottage, layout_cave_pods,
          minmay_shoals_entry_hut, dummy_snake_entry, grunt_megastairs_2
Lair:4:   layout_gridlike, gauntlet_entry_generic, basic_altar,
          grunt_forest_stairs_clearing, uniq_snorg
Lair:5:   layout_regular_city, infiniplex_staircase_pool_2, grunt_megastairs_4
Lair:6:   cheibrodos_lair_end_hotspot, layout_regular_city, slime_altar_1
Shoals:1: layout_shoals, nicolae_shoals_kraken_intersection
Sewer:    sewer_co_cracked_pipes
Volcano:  volcano_lake [vl_original]
